[Event "Team 45 45 League T36"]
[Site "Internet Chess Club"]
[Date "2008.02.17"]
[Round "4"]
[White "mitus"]
[Black "fledermaus"]
[Result "1-0"]
[WhiteElo "1908"]
[BlackElo "1952"]
[Opening "Sicilian: Scheveningen variation"]
[ECO "B80"]
[Time "14:32:22"]
[TimeControl "2700+45"]

1. e4 c5 2. Nf3 e6 3. d4 cxd4 4. Nxd4 Nf6 5. Nc3 d6 6. Bg5 Be7 7. Qd2 h6 8. Bh4
a6 9. O-O-O O-O 10. f4 Qc7 11. g4 Nxe4 12. Nxe4 Bxh4 13. g5 d5 14. Nc3 hxg5 15.
fxg5 f6 16. Nf3 Bxg5 17. Nxg5 fxg5 18. Kb1 Qf4 19. Qd3 Nc6 20. Be2 Ne5 21. Qh3
Qh4 22. Qe3 Nc6 23. Qc5 Qb4 24. Qg1 Qe7 25. Rd3 Rf4 26. Rg3 d4 27. Nd1 e5 28.
Rxg5 Bf5 29. Bc4+ Kf8 30. Rh5 Rh4 31. Rxf5+ Ke8 32. Rf7 Qxf7 33. Bxf7+ Kxf7 34.
Qg3 Rh6 35. Rg1 g6 36. Nf2 Rah8 37. Ne4 Kg7 38. Qb3 Nd8 39. Qd5 Nf7 40. Rf1 Rf8
41. Qxb7 Kg8 42. Qxa6 g5 43. Qc4 {Black resigns} 1-0

[Event "Team 45 45 League T36"]
[Site "Internet Chess Club"]
[Date "2008.02.22"]
[Round "4"]
[White "Grenadier"]
[Black "rss"]
[Result "1-0"]
[WhiteElo "1703"]
[BlackElo "1755"]
[Opening "Ruy Lopez: closed, Bogolyubov variation"]
[ECO "C91"]
[Time "18:03:55"]
[TimeControl "2700+45"]

1. e4 e5 2. Nf3 Nc6 3. Bb5 a6 4. Ba4 Nf6 5. O-O Be7 6. Re1 b5 7. Bb3 d6 8. c3
O-O 9. d4 Bg4 10. Bg5 Bxf3 11. Qxf3 exd4 12. Bxf6 Bxf6 13. Bd5 Qd7 14. Rd1 dxc3
15. Nxc3 Bxc3 16. Qxc3 Ne5 17. Bxa8 Rxa8 18. Qxe5 {Black resigns} 1-0

[Event "Team 45 45 League T36"]
[Site "Internet Chess Club"]
[Date "2008.02.17"]
[Round "4"]
[White "cgrau"]
[Black "reijo"]
[Result "1-0"]
[WhiteElo "1736"]
[BlackElo "1659"]
[Opening "Queen's pawn, Mason variation"]
[ECO "D00"]
[Time "13:00:58"]
[TimeControl "2700+45"]

1. d4 d5 2. Bf4 Nf6 3. e3 c6 4. Bd3 e6 5. Nd2 Nbd7 6. Ngf3 c5 7. c3 Qb6 8. Rb1
cxd4 9. exd4 Bd6 10. Ne5 O-O 11. O-O Qc7 12. Re1 b6 13. Bg3 a5 14. Qe2 Qa7 15.
Ndf3 Bxe5 16. dxe5 Nh5 17. Ng5 g6 18. Qg4 Ba6 19. Bc2 Rfc8 20. a4 Nxg3 21. Qxg3
b5 22. Re3 Nf8 23. Rf3 Rc7 24. axb5 Bxb5 25. Qh4 Qc5 26. Qh6 Raa7 27. Rh3 f6 28.
exf6 a4 29. Re1 d4 30. Bxg6 Nxg6 31. Nxe6 Qd6 32. Nxc7 Rxc7 33. Qg5 Bc6 34. Rxh7
Kxh7 35. Qh5+ {Black resigns} 1-0